 Dungeon Crawl Stone Soup version 0.16-a0-1009-g0339a9e (webtiles) character file.

11139 Hodglim the Arsonist (level 11, -2/54 HPs)
             Began as a Deep Elf Fire Elementalist on Oct 2, 2014.
             Was an Elder of Vehumet.
             Killed by divine providence
             ... invoked by an orc priest
              (12 damage)
             ... on Level 11 of the Dungeon on Oct 3, 2014.
             The game lasted 01:48:27 (13609 turns).

Hodglim the Arsonist (Deep Elf Fire Elementalist)  Turns: 13609, Time: 01:48:27

HP  -2/54        AC 12     Str  6      XL: 11   Next: 45%
MP   2/32        EV 10     Int 26      God: Vehumet [****..]
Gold 377         SH  0     Dex 17      Spells:  7 memorised, 10 levels left

rFire  + . .     SeeInvis .     H - +7 dagger of Tiostruo {pain, Dex+2 Int+3}
rCold  x . .     Clarity  +     P - +3 ring mail
rNeg   . . .     rCorr    .     (no shield)
rPois  .         rRot     .     B - +2 hat
rElec  .         Spirit   .     p - +0 cloak
SustAb .         Warding  .     O - +0 pair of gloves
rMut   .         Stasis   .     (no boots)
Gourm  .                        q - amulet of clarity
MR     +....                    f - ring of wizardry
                                x - ring of fire

@: very slightly contaminated, hasted and slowed, somewhat resistant to hostile
enchantments, unstealthy
A: no striking features
a: Renounce Religion


You were on level 11 of the Dungeon.
You worshipped Vehumet.
Vehumet was greatly pleased with you.
You were hungry.

You visited 2 branches of the dungeon, and saw 12 of its levels.
You also visited: Ossuary.

You collected 674 gold pieces.
You spent 297 gold pieces at shops.

Inventory:

Hand weapons
 t - a +0 great sword
 H - the +7 dagger of Tiostruo (weapon) {pain, Dex+2 Int+3}
   (You found it on level 8 of the Dungeon)

   In the hands of one skilled in necromantic magic, it inflicts extra damage on
   living creatures.
   It affects your intelligence (+3).
   It affects your dexterity (+2).
 K - a +1 dagger of protection
 Q - a +1 short sword of draining
 S - a +2 dagger of venom
 W - a cursed -3 short sword
Armour
 p - a +0 cloak (worn)
 u - a +2 leather armour of fire resistance
 B - a +2 hat (worn)
 I - the +6 large shield of Abstinence {+Rage}
   (You found it on level 8 of the Dungeon)

   It lets you go berserk.
 O - a +0 pair of gloves (worn)
 P - a +3 ring mail (worn)
Magical devices
 A - a wand of fire (7) {unknown}
 D - a wand of magic darts (16)
 E - a wand of confusion (15)
 M - a wand of digging (8) {unknown}
Comestibles
 c - 6 bread rations
 j - a fruit
 k - 10 slices of pizza
 m - 2 meat rations
 z - 3 beef jerkies
 J - 2 royal jellies
 U - a chunk of worker ant flesh
Scrolls
 e - 5 scrolls of identify
 w - a scroll of blinking
 y - 2 scrolls of remove curse
 C - 2 scrolls of fear
 F - 2 scrolls of fog
 L - a scroll of teleportation
Jewellery
 f - a ring of wizardry (right hand)
 q - an amulet of clarity (around neck)
 v - a cursed +4 ring of dexterity
 x - a ring of fire (left hand)
Potions
 a - a potion of agility {unknown}
 d - 6 potions of curing
 h - a potion of magic
 i - 2 potions of mutation
 n - a potion of flight
 o - 3 potions of might
 r - a potion of confusion {unknown}
 s - 2 potions of invisibility {unknown}
 G - 2 potions of cure mutation {unknown}
 N - 2 potions of restore abilities {unknown}
 R - a potion of degeneration {unknown}
Books
 b - a book of Flames

   Spells                             Type                      Level
   *Flame Tongue                      Conjuration/Fire             1
   Throw Flame                        Conjuration/Fire             2
   *Conjure Flame                     Conjuration/Fire             3
   Inner Flame                        Hexes/Fire                   3
   *Sticky Flame                      Conjuration/Fire             4
   *Fireball                          Conjuration/Fire             5
Miscellaneous
 T - an ornate deck of changes
 X - a stone of tremors


   Skills:
 + Level 9.7 Dodging
 - Level 2.4 Stealth
 - Level 10.2 Spellcasting
 + Level 11.3 Conjurations
 + Level 11.6 Fire Magic


You had 10 spell levels left.
You knew the following spells:

 Your Spells              Type           Power        Failure   Level  Hunger
a - Flame Tongue          Conj/Fire      #####        1%          1    None
b - Sticky Flame          Conj/Fire      #######.     1%          4    None
c - Conjure Flame         Conj/Fire      #######.     1%          3    None
d - Fireball              Conj/Fire      #######...   1%          5    ###....
e - Magic Dart            Conj           ####         1%          1    None
f - Static Discharge      Conj/Air       #####...     1%          3    None
g - Stone Arrow           Conj/Erth      #####.       1%          3    None


Dungeon Overview and Level Annotations

Branches:
Dungeon (11/15)            Temple (1/1) D:5            Lair (0/8) D:11
    Orc: D:9-12

Altars:
Ashenzari
Cheibriados
Dithmenos
Elyvilon
Fedhas
Gozag
Kikubaaqudgha
Makhleb
Nemelex Xobeh
Okawaru
Qazlal
Ru
Sif Muna
Trog
Vehumet
Xom
Yredelemnul
Zin
The Shining One
Beogh

Shops:
D:4 [   D:7 !   D:11 :


Message History

Drink which item? (? for menu, Esc to quit)
You feel better.
The worker ant bites you but does no damage. x2
The wraith barely misses you. The worker ant barely misses you.
The orc priest looks braver.
The worker ant bites you but does no damage.
Drink which item? (? for menu, Esc to quit)
You feel yourself speed up. The worker ant closely misses you.
The wraith hits you but does no damage. The worker ant bites you.
* * * LOW HITPOINT WARNING * * *
The orc priest mumbles some strange prayers to Beogh against you.
Pain shoots through your body!
* * * LOW HITPOINT WARNING * * *
The worker ant bites you but does no damage.
The wraith misses you. The worker ant closely misses you.
The orc priest hits you but does no damage.
You are very lightly contaminated with residual magic.
The orc priest mumbles some strange prayers to Beogh against you.
Something smites you!
You die...

......# .....# .....+ ####
....######
####..######.........
####..........#.........
...........(..#<.........
..............##''######
.........@................
...###..a.##'###+###..##
#.#..o.#........# .#
#####.#.aW.#........#
#.....#....#........# .#
#...%.#....##########..#
..P.#.).#'#....%...).).....#
.........'...........)......#
......).#.....∩............#


You could see a wraith, 2 worker ants and an orc priest.

Vanquished Creatures
  A death yak (D:11)
  A hill giant (D:10)
  An elephant (D:11)
  A centaur zombie (D:10)
  A troll (D:10)
  Grinder (D:6)
  Prince Ribbit (D:5)
  2 deep elf magi
  A trapdoor spider zombie (D:9)
  A hill giant zombie (D:8)
  13 yaks
  Grum (D:8)
  A hippogriff (D:8)
  A hungry ghost (D:10)
  A human (D:7)
  3 wolves (D:8)
  A steam dragon (D:9)
  A water moccasin (D:8)
  4 orc warriors
  3 ice beasts
  7 ogres
  A phantom (D:10)
  2 black bears (D:9)
  A necrophage (D:9)
  4 sky beasts
  A big kobold (D:10)
  A crocodile (D:11)
  3 centaurs (D:5)
  Sigmund (D:5)
  Duvessa (D:8)
  6 giant frogs
  A hippogriff skeleton (D:6)
  2 scorpions
  8 wights
  2 goliath beetles
  5 electric eels (D:7)
  Dowan (D:8)
  A crimson imp (D:8)
  4 hounds
  2 jellies
  A giant frog skeleton (D:8)
  A gnoll shaman (D:7)
  6 orc priests
  A black bear zombie (D:5)
  A quasit (D:8)
  A centaur skeleton (D:5)
  6 orc wizards
  5 iguanas
  12 worker ants
  3 sheep
  2 killer bee zombies
  2 mummies
  3 gnolls (D:5)
  An orc skeleton (D:7)
  3 shadow imps
  7 adders
  4 worms
  A giant mite (D:4)
  2 adder zombies
  3 giant geckos
  21 orcs
  2 ball pythons
  2 bat skeletons
  A bat zombie (D:7)
  5 giant cockroaches
  10 goblins
  19 hobgoblins
  18 jackals
  16 kobolds
  3 quokkas
  9 bats
  3 giant newts
  A goblin zombie (Ossuary)
  5 hobgoblin zombies (Ossuary)
  A kobold skeleton (D:7)
  4 kobold zombies (Ossuary)
  8 orc zombies
  A quokka skeleton (D:4)
  14 rats
302 creatures vanquished.

Notes
Turn   | Place    | Note
--------------------------------------------------------------
     0 | D:1      | Hodglim, the Deep Elf Fire Elementalist, began the quest for the Orb.
     0 | D:1      | Reached XP level 1. HP: 10/10 MP: 5/5
   579 | D:1      | Reached XP level 2. HP: 13/15 MP: 1/8
  1262 | D:2      | Found a snail-covered altar of Cheibriados.
  1519 | D:2      | Reached skill level 4 in Spellcasting
  1790 | D:2      | Reached XP level 3. HP: 19/19 MP: 8/12
  2485 | D:3      | Reached XP level 4. HP: 24/24 MP: 13/15
  2491 | D:3      | Learned a level 4 spell: Sticky Flame
  2495 | D:3      | Learned a level 3 spell: Conjure Flame
  3104 | D:4      | Noticed an ogre
  3190 | D:4      | Found Zaties' Antique Armour Shoppe.
  3196 | D:4      | Bought a slimy robe for 142 gold pieces
  3207 | D:4      | Identified the +1 robe of Onkoir {Dex-4} (You bought it in a shop on level 4 of the Dungeon)
  3296 | D:4      | Reached skill level 5 in Spellcasting
  3296 | D:4      | Reached XP level 5. HP: 17/28 MP: 13/19
  3503 | D:4      | Learned a level 5 spell: Fireball
  3645 | D:4      | Killed an ogre
  3654 | D:4      | Reached XP level 6. HP: 32/32 MP: 6/21
  3772 | D:4      | Reached skill level 5 in Fire Magic
  4556 | D:4      | Bought a runed leather armour for 50 gold pieces
  4589 | D:5      | Entered Level 5 of the Dungeon
  4668 | D:5      | Reached skill level 6 in Spellcasting
  4755 | D:5      | Found a sand-covered staircase.
  4873 | D:5      | Noticed Sigmund
  4882 | D:5      | Killed Sigmund
  4884 | D:5      | Found a blossoming altar of Fedhas.
  4885 | D:5      | Found an ancient bone altar of Kikubaaqudgha.
  4908 | Ossuary  | Entered an ossuary
  5462 | D:5      | Reached XP level 7. HP: 21/36 MP: 18/24
  5469 | D:5      | Reached skill level 5 in Conjurations
  5472 | D:5      | Reached skill level 7 in Spellcasting
  5838 | D:5      | Noticed Prince Ribbit
  6448 | D:5      | Reached XP level 8. HP: 33/41 MP: 21/27
  6492 | D:5      | Reached skill level 8 in Spellcasting
  6708 | D:5      | Found a staircase to the Ecumenical Temple.
  6718 | Temple   | Entered the Ecumenical Temple
  6847 | Temple   | Became a worshipper of Vehumet
  6959 | D:5      | Found an iron altar of Okawaru.
  6986 | D:5      | Found a bloodstained altar of Trog.
  6986 | D:5      | Found an iron altar of Okawaru.
  7065 | D:5      | Killed Prince Ribbit
  7217 | D:6      | Reached skill level 9 in Spellcasting
  7396 | D:6      | Found a basalt altar of Yredelemnul.
  7490 | D:6      | Found a sparkling altar of Nemelex Xobeh.
  7491 | D:6      | Found an opulent altar of Gozag.
  7802 | D:6      | Noticed Grinder
  7802 | D:6      | Paralysed by Grinder for 3 turns
  7811 | D:6      | Killed Grinder
  7811 | D:6      | Acquired Vehumet's first power
  7811 | D:6      | Offered knowledge of Magic Dart by Vehumet.
  7811 | D:6      | Reached XP level 9. HP: 45/45 MP: 3/30
  7957 | D:6      | Found a sacrificial altar of Ru.
  7957 | D:6      | Found a deep blue altar of Sif Muna.
  7978 | D:7      | Learned a level 1 spell: Magic Dart
  8005 | D:7      | Reached skill level 10 in Spellcasting
  8802 | D:7      | Found Epoeda Vawets' Distillery.
  8826 | D:7      | Bought 2 potions of curing for 60 gold pieces
  8826 | D:7      | Bought a potion of heal wounds for 45 gold pieces
  9376 | D:7      | Found a roughly hewn altar of Beogh.
  9542 | D:7      | Found a burning altar of Makhleb.
  9638 | D:8      | Found a shattered altar of Ashenzari.
  9638 | D:8      | Noticed Grum
  9643 | D:8      | Reached skill level 5 in Dodging
  9645 | D:8      | Reached XP level 10. HP: 44/50 MP: 19/31
  9653 | D:8      | Killed Grum
  9962 | D:8      | Got a twisted large shield
 10072 | D:8      | Identified the +6 large shield of Abstinence {+Rage} (You found it on level 8 of the Dungeon)
 10077 | D:8      | Offered knowledge of Sting by Vehumet.
 10153 | D:8      | Got a crystal dagger
 10154 | D:8      | Identified the +7 dagger of Tiostruo {pain, Dex+2 Int+3} (You found it on level 8 of the Dungeon)
 10354 | D:8      | Noticed Duvessa
 10354 | D:8      | Noticed Dowan
 10359 | D:8      | Killed Duvessa
 10361 | D:8      | Killed Dowan
 10832 | D:8      | Reached skill level 10 in Fire Magic
 10854 | D:8      | Offered knowledge of Static Discharge by Vehumet.
 10859 | D:8      | Learned a level 3 spell: Static Discharge
 11328 | D:9      | Reached skill level 10 in Conjurations
 11381 | D:9      | Acquired Vehumet's second power
 11616 | D:9      | Found a glowing silver altar of Zin.
 11708 | D:9      | Found a white marble altar of Elyvilon.
 11851 | D:9      | Offered knowledge of Stone Arrow by Vehumet.
 11856 | D:9      | Learned a level 3 spell: Stone Arrow
 12075 | D:9      | Reached XP level 11. HP: 46/54 MP: 18/32
 12496 | D:9      | Found a bloodstained altar of Trog.
 12500 | D:9      | Reached skill level 11 in Fire Magic
 12667 | D:10     | Entered Level 10 of the Dungeon
 12687 | D:10     | Acquired Vehumet's third power
 13351 | D:10     | Noticed a hill giant
 13363 | D:10     | Killed a hill giant
 13456 | D:11     | Found Gasono's Book Emporium.
 13568 | D:11     | Noticed a death yak
 13573 | D:11     | Killed a death yak
 13583 | D:11     | Found a staircase to the Lair.
 13609 | D:11     | Killed from afar by an orc priest

Action                   |  1- 3 |  4- 6 |  7- 9 | 10-12 || total
-------------------------+-------+-------+-------+-------++-------
Melee: Great sword       |       |     3 |     9 |     1 ||    13
       Dagger            |       |       |       |     6 ||     6
 Cast: Flame Tongue      |    82 |   112 |   141 |   174 ||   509
       Conjure Flame     |       |     1 |       |     3 ||     4
       Sticky Flame      |       |    12 |    37 |    46 ||    95
       Fireball          |       |     1 |    18 |    18 ||    37
       Magic Dart        |       |       |     1 |    76 ||    77
       Stone Arrow       |       |       |       |     5 ||     5
       Static Discharge  |       |       |       |     1 ||     1
Evoke: Wand              |       |       |     1 |       ||     1
  Use: Scroll            |     5 |     4 |     7 |     5 ||    21
       Potion            |       |       |       |     6 ||     6
  Eat: Chunk             |     3 |     5 |    10 |    13 ||    31
       Fruit             |     1 |       |       |     1 ||     2
       Bread ration      |       |     2 |     1 |       ||     3
